 Dungeon Crawl Stone Soup version 0.29-a0-243-g602b31c20e (webtiles) character file.

Game seed: 13369237732057988836

101 mathmaestro the Ruffian (level 4, 0/45 HPs)
             Began as a Troll Monk on Mar 4, 2022.
             Slain by an orc wizard
             ... wielding a +0 dagger
              (2 damage)
             ... on level 2 of the Dungeon.
             The game lasted 00:02:41 (1690 turns).

mathmaestro the Ruffian (Troll Monk)                Turns: 1690, Time: 00:02:41

Health: 0/45       AC:  4    Str: 21    XL:     4   Next: 48%
Magic:  3/3        EV: 10    Int:  6    God:
Gold:   80         SH:  0    Dex: 12    Spells: 3/3 levels left

rFire   . . .      SeeInvis .     - Unarmed
rCold   + . .      Faith    .   (no shield)
rNeg    . . .      Spirit   .   a - +0 robe
rPois   .          Reflect  .   (helmet restricted)
rElec   .          Harm     .   (no cloak)
rCorr   .          Rampage  .   (gloves unavailable)
Will    .....                   (boots unavailable)
Stlth   +.........              (no amulet)
HPRegen 0.95/turn               i - ring of protection from cold
MPRegen 0.08/turn               (no ring)

@: confused, flying
A: large, unfitting armour, claws 3, regeneration 1, shaggy fur 1, tough skin 1
a: no special abilities


You were on level 2 of the Dungeon.
You visited 1 branch of the dungeon, and saw 3 of its levels.

You collected 80 gold pieces.

Inventory:

Missiles
 d - 35 stones (quivered)
 n - 3 poisoned darts
Armour
 a - a +0 robe (worn)
Jewellery
 i - a ring of protection from cold (left claw)
Scrolls
 c - a scroll of teleportation {unknown}
 f - a scroll of identify {unknown}
 j - a scroll of vulnerability {unknown}
 l - a scroll of silence {unknown}
Potions
 b - 3 potions of flight
 e - a potion of cancellation {unknown}
 g - a potion of lignification {unknown}
 h - a potion of attraction {unknown}
 k - a potion of degeneration {unknown}
 m - a potion of curing {unknown}


   Skills:
 + Level 3.3 Fighting
 - Level 3.0 Dodging
 - Level 1.0 Stealth
 + Level 4.0 Unarmed Combat


You had 3 spell levels left.
You didn't know any spells.
Your spell library contained the following spells:

 Spells                   Type           Power      Damage    Failure   Level
 Gell's Gravitas          Tloc           0%         N/A       83%         3
 Lesser Beckoning         Tloc           0%         N/A       83%         3
 Teleport Other           Tloc           0%         N/A       83%         3


Dungeon Overview and Level Annotations

Branches:
Dungeon (3/15)

Altars:

Shops:
D:2 (


Innate Abilities, Weirdness & Mutations

You are too large for most types of armour.
You have claws for hands.
Your natural rate of healing is unusually fast.
You are covered in fur. (AC +1)
You have tough skin. (AC +1)


Message History

Something hits you but does no damage.
Deactivating autopickup; reactivate with Ctrl-A.
The orc barely misses you.
You completely miss something. The orc priest hits you with a +0 club.
Something hits you.
You completely miss the orc. The orc barely misses you.
The orc priest barely misses you. Something completely misses you.
The orc priest closely misses you.
You see here a +0 short sword.
You closely miss the orc priest. The orc closely misses you.
The orc priest hits you with a +0 club.
You claw the orc priest!
The orc priest is heavily wounded.
The orc priest mumbles some strange prayers to Beogh against you.
Beogh smites you!
You scratch the orc priest but do no damage.
The orc priest is heavily wounded.
The orc priest closely misses you.
You barely miss the orc priest.
The orc priest is heavily wounded.
You feel less confused.
You hear some strange, mumbled words.
You are confused.
The orc barely misses you.
The orc priest calls down the wrath of Beogh upon you.
Pain shoots through your body!
You barely miss something. Something hits you but does no damage.
The orc hits you with a +0 short sword. The orc priest hits you with a +0 club.
You barely miss the orc priest.
The orc priest is heavily wounded.
You hear some strange, mumbled words.
Something tries to affect you, but you resist.
The orc closely misses you.
The orc priest calls down the wrath of Beogh upon you.
Pain shoots through your body!
* * * LOW HITPOINT WARNING * * *
It was a potion of flight.
You feel very buoyant.
You fly up into the air.
Something hits you.
You die...

##..#..##.#........#......
#..###.##.##.......#......
#.## #.##.####............
##.####.##.# ##.#....##...
####..).....#.# #†#...).....
#.........#.#.# #...##......
#.##......#.†)#####...#.......
####........>oo...............
#.....÷###@####..)....#.##.
#......# #.###.............
#......# #..........^..####
##########...#........##
#....#......###
######.#..###.##.#
#######......#..###.##.#
##...##...######...#.##.#
##..........## #.#...##.#


You could see an orc priest and an orc.

Vanquished Creatures
  3 adders (D:2)
  3 worms (D:2)
  An orc (D:2)
  8 bats
  4 endoplasms
  2 giant cockroaches
  4 goblins
  2 hobgoblins (D:1)
  6 jackals (D:1)
  3 quokkas
  6 ball pythons
  6 frilled lizards
  9 kobolds
  5 rats (D:1)
62 creatures vanquished.

Notes
Turn   | Place    | Note
-------+----------+-------------------------------------------
     0 | D:1      | mathmaestro the Troll Monk began the quest for the Orb.
     0 | D:1      | Reached XP level 1. HP: 22/22 MP: 0/0
    95 | D:1      | Reached XP level 2. HP: 29/29 MP: 1/1
   127 | D:1      | Found a faded altar of an unknown god.
   461 | D:1      | Reached XP level 3. HP: 36/36 MP: 2/2
   633 | D:1      | You fall into a shaft and drop 1 floor!
  1187 | D:2      | Found Aptuidd's Weapon Boutique.
  1311 | D:2      | Reached XP level 4. HP: 39/45 MP: 3/3
  1640 | D:2      | Reached skill level 4 in Unarmed Combat
  1689 | D:2      | HP: 1/45 [orc priest/nerve-wracking pain (14)]
  1690 | D:2      | Slain by an orc wizard

Illustrated notes

Levels and vault maps discovered:
D:1:      nagdon_arrival_zigzag_paths, layout_loops_ring,
          shapermc_ecumenical_altar_totnotflames, roderic_serpentine_path,
          roderic_nine_men_s_morris, minmay_tripent
D:2:      layout_rooms, serial_shops, nicolae_shop_bloodbath_and_beyond,
          grunt_ministairs_4, minmay_pentomino_z4
D:3:      layout_rooms, amcnicky_altar_gilded, grunt_ministairs_10

Skill      XL: |  1  2  3  4 |
---------------+-------------+-----
Fighting       | 3 |  3.3
Dodging        | 3 |  3.0
Unarmed Combat | 4 |  4.0
Stealth        | |  1.0

Action                   |  1- 3 |  4- 6 || total
-------------------------+-------+-------++-------
Melee: Unarmed           |   113 |    39 ||   152
       Punch             |     2 |     2 ||     4
  Use: Potion            |       |     1 ||     1
 Stab: Sleeping          |     6 |       ||     6
Armor: Robe              |    34 |    17 ||    51
Dodge: Dodged            |    59 |    37 ||    96

Table legend: (Time is in decaauts)
 A = Elapsed time spent in this place.
 B = Non-inter-level travel time spent in this place.
 C = Inter-level travel time spent in this place.
 D = Time resting spent in this place.
 E = Time spent auto-exploring this place.
 F = Levels seen in this place.
 G = Mean time per level.
                   A        B        C        D        E       F      G
               +--------+--------+--------+--------+--------+-----+--------+
         Total |   1684 |   1601 |     83 |     13 |   1211 |   3 |  561.3 |
       Dungeon |   1684 |   1601 |     83 |     13 |   1211 |   3 |  561.3 |
               +--------+--------+--------+--------+--------+-----+--------+

Top non-repeatable levels by time:
     D:1: 995 daAuts
     D:2: 670 daAuts
     D:3: 18 daAuts
